 Dungeon Crawl Stone Soup version 0.29-a0-512-gf59ac788ac (webtiles) character file.

Game seed: 15622071669074061777

408 purpskrrrp the Chopper (level 6, -5/72 HPs)
             Began as a Demonspawn Berserker on May 30, 2022.
             Was a Priest of Trog.
             Slain by an ogre
             ... wielding a +0 giant club
              (25 damage)
             ... on level 4 of the Dungeon.
             The game lasted 00:18:32 (3637 turns).

purpskrrrp the Chopper (Demonspawn Berserker)       Turns: 3637, Time: 00:18:33

Health: -5/72      AC: 13    Str: 19    XL:     6   Next: 57%
Magic:  6/6        EV: 11    Int:  9    God:    Trog [***...]
Gold:   168        SH:  4    Dex: 12    Spells: 5/5 levels left

rFire   . . .      SeeInvis .   u - +1 trident
rCold   . . .      Faith    +   (no shield)
rNeg    . . .      Spirit   .   c - +3 ring mail {Will+}
rPois   .          Reflect  .   l - +0 helmet
rElec   .          Harm     .   (no cloak)
rCorr   .          Rampage  .   (no gloves)
Will    +....                   (no boots)
Stlth   ..........              k - amulet of faith
HPRegen 0.22/turn               v - +4 ring of protection
MPRegen 0.10/turn               (no ring)

@: berserking, very quick
A: claws 1, condensation shield, weakness stinger 1
a: Renounce Religion, Berserk, Trog's Hand


You were on level 4 of the Dungeon.
You worshipped Trog.
Trog was most pleased with you.
You visited 1 branch of the dungeon, and saw 4 of its levels.

You collected 168 gold pieces.

Inventory:

Hand Weapons
 a - a +0 hand axe
 m - a +1 hunting sling of flaming
 u - a +1 trident (weapon)
Missiles
 q - 2 javelins (quivered)
 w - 2 boomerangs
Armour
 b - a +0 animal skin
 c - a +3 ring mail of willpower (worn)
 l - a +0 helmet (worn)
Jewellery
 k - an amulet of faith (around neck)
 v - a +4 ring of protection (left claw)
Scrolls
 e - 2 scrolls of enchant armour {unknown}
 f - a scroll of fear {unknown}
 h - a scroll of teleportation {unknown}
 j - a scroll of enchant weapon
 o - a scroll of poison {unknown}
 r - a scroll of fog {unknown}
 s - a scroll of amnesia {unknown}
 t - a scroll of noise {unknown}
Potions
 d - a potion of cancellation {unknown}
 g - a potion of flight
 i - a potion of brilliance
 n - a potion of curing {unknown}
 p - 2 potions of heal wounds {unknown}


   Skills:
 + Level 4.0 Fighting
 + Level 4.3(4.6) Axes
 + Level 2.4(3.7) Polearms
 + Level 0.1 Throwing
 + Level 3.4 Armour
 + Level 2.3 Dodging
 + Level 0.7 Stealth
 + Level 0.3 Shields


You had 5 spell levels left.
You didn't know any spells.
Your spell library contained the following spells:

 Spells                   Type           Power      Damage    Failure   Level
 Ensorcelled Hibernation  Hex/Ice        0%         N/A       71%         2
 Spider Form              Tmut/Pois      0%         N/A       90%         3
 Anguish                  Hex/Necr       0%         N/A       100%        4


Dungeon Overview and Level Annotations

Branches:
Dungeon (4/15)             Temple (0/1) D:4

Altars:
Sif Muna

Shops:
D:3 ?*:[

Annotations:
D:2 1 runed translucent door, Crazy Yiuf


Innate Abilities, Weirdness & Mutations

You have sharp fingernails.
A meltable shield of frost defends you. (SH +4)
You have a small tail.


Message History

HP restored.
Found a stone staircase leading up.
You now have 168 gold pieces (gained 11).
There is a stone staircase leading up here.
A ball python comes into view.
The ball python hisses angrily.
You hit the ball python but do no damage.
You tail-slap the ball python.
You kill the ball python!
Trog accepts your kill.
Found a stone staircase leading down.
Found a hunting sling.
An ogre comes into view. It is wielding a +0 giant club.
The ogre shouts!
You hit the ogre.
Your tail-slap misses the ogre.
The ogre is moderately wounded.
A goblin comes into view. It is wielding a +0 club.
The ogre hits you with a +0 giant club!
You barely miss the ogre.
The ogre is moderately wounded.
The goblin shouts!
The ogre hits you with a +0 giant club!!
* * * LOW HITPOINT WARNING * * *
You barely miss the ogre. You tail-slap the ogre.
The ogre is moderately wounded.
The ogre barely misses you.
v - a +4 ring of protection (left claw)
As you read the scroll labelled EFAREW HONNAN, it crumbles to dust.
It is a scroll of enchant weapon.
Your +0 trident glows red for a moment.
The ogre closely misses you.
You puncture the ogre!
The ogre is severely wounded.
A red film seems to cover your vision as you go berserk!
You feel yourself moving faster!
You feel mighty! You block the ogre's attack.
A ball python comes into view.
You completely miss the ogre.
The ogre is severely wounded.
The ball python hisses angrily.
The ogre hits you with a +0 giant club!!
You die...

######### #
########........ #.
.........########
#.########.........#
...######...#####.#
#.##.......#####.# #.
#..............#.#
#..###.##.###.#.###.#.#
#...gO@##.# #....##.#.#
#...######.#
###..##.#.# ... #.#
#........ # #.#
##.###### #.# #.# #.#
.# #.# .#


You could see an ogre and a goblin.

Vanquished Creatures
  A black bear (D:4)
  An ogre (D:3)
  A scorpion (D:4)
  An orc priest (D:4)
  An orc wizard (D:4)
  Robin (D:2)
  An ufetubus (D:4)
  2 worms
  6 dart slugs
  9 orcs
  6 ball pythons
  4 bats
  2 endoplasms
  2 giant cockroaches
  6 hobgoblins
  2 quokkas
  2 frilled lizards
  22 goblins
  4 kobolds
  5 rats
79 creatures vanquished.

Vanquished Creatures (others)
  5 fungi (D:2)
5 creatures vanquished.

Grand Total: 84 creatures vanquished

Notes
Turn   | Place    | Note
-------+----------+-------------------------------------------
     0 | D:1      | purpskrrrp the Demonspawn Berserker began the quest for the
                  | Orb.
     0 | D:1      | Reached XP level 1. HP: 18/18 MP: 1/1
   537 | D:1      | Discovered your monstrous ancestry.
   537 | D:1      | Gained mutation: You have sharp fingernails. [demonic
                  | ancestry]
   537 | D:1      | Reached XP level 2. HP: 20/24 MP: 2/2
   846 | D:2      | Noticed Robin
   872 | D:2      | Killed Robin
   873 | D:2      | Reached XP level 3. HP: 29/29 MP: 3/3
   882 | D:2      | Reached ** piety under Trog
  1439 | D:2      | Reached XP level 4. HP: 30/35 MP: 4/4
  1627 | D:2      | Found a runed translucent door.
  1628 | D:2      | Noticed Crazy Yiuf
  1876 | D:3      | Found Zoxy's General Store.
  2123 | D:3      | Found Fodidus's Book Shoppe.
  2134 | D:3      | Found a faded altar of an unknown god.
  2225 | D:3      | Found Edimiose's Armour Boutique.
  2331 | D:3      | Found a shimmering blue altar of Sif Muna.
  2380 | D:3      | Found Jydiv's Magic Scroll Shop.
  2727 | D:3      | Noticed an ogre
  2750 | D:3      | Killed an ogre
  2751 | D:3      | Gained mutation: A meltable shield of frost defends you.
                  | (SH +4) [demonic ancestry]
  2751 | D:3      | Reached XP level 5. HP: 29/42 MP: 5/5
  3074 | D:4      | Found a staircase to the Ecumenical Temple.
  3192 | D:4      | Reached *** piety under Trog
  3260 | D:4      | Noticed a black bear
  3281 | D:4      | Reached skill level 1 in Polearms
  3281 | D:4      | Gained mutation: You have a small tail. [demonic ancestry]
  3281 | D:4      | Reached XP level 6. HP: 41/48 MP: 6/6
  3637 | D:4      | Slain by an ogre

Illustrated notes

Levels and vault maps discovered:
D:1:      sevenhm_arrival_forest_fort_small_6, layout_loops_ring,
          solitary_fountain
D:2:      layout_rooms, uniq_crazy_yiuf_cottage, uniq_robin
D:3:      layout_loops_corners, kennysheep_orc_sif_temple,
          chequers_ecumenical_altar_island, serial_shops,
          nicolae_lakefront_shop, nicolae_shop_behind_doors, shop,
          nicolae_lakefront_shop, minmay_ogre_servants
D:4:      layout_loops_ring, minmay_temple_entry_glass, serial_shops,
          nicolae_shop_advertising_works [nicolae_subvault_shop_adworks],
          minmay_ruptured

Skill      XL: |  1  2  3  4  5  6 |
---------------+-------------------+-----
Axes           | 3 4 |  4.3
Armour         | 2 3 |  3.4
Dodging        | 2 |  2.3
Fighting       | 4 |  4.0
Polearms       | 1 2 |  2.4
Throwing       | |  0.1
Stealth        | |  0.7
Shields        | |  0.3

Action                   |  1- 3 |  4- 6 || total
-------------------------+-------+-------++-------
Melee: Hand axe          |    95 |    34 ||   129
       Punch             |     3 |     3 ||     6
       Trident           |       |    95 ||    95
       Tailslap          |       |     5 ||     5
Throw: Javelin           |       |     3 ||     3
Invok: Berserk           |     1 |     3 ||     4
  Use: Scroll            |     2 |     1 ||     3
Armor: Ring mail         |    39 |    65 ||   104
Dodge: Dodged            |    76 |    81 ||   157
Block: Other             |       |    15 ||    15

Table legend: (Time is in decaauts)
 A = Elapsed time spent in this place.
 B = Non-inter-level travel time spent in this place.
 C = Inter-level travel time spent in this place.
 D = Time resting spent in this place.
 E = Time spent auto-exploring this place.
 F = Levels seen in this place.
 G = Mean time per level.
                   A        B        C        D        E       F      G
               +--------+--------+--------+--------+--------+-----+--------+
         Total |   3703 |   3321 |    382 |    603 |   2118 |   4 |  925.8 |
       Dungeon |   3703 |   3321 |    382 |    603 |   2118 |   4 |  925.8 |
               +--------+--------+--------+--------+--------+-----+--------+

Top non-repeatable levels by time:
     D:3: 1429 daAuts
     D:2: 872 daAuts
     D:1: 819 daAuts
     D:4: 581 daAuts
